 Dungeon Crawl Stone Soup version 0.27.0-1-g7a089689b8 (webtiles) character file.

Game seed: 17281834510775767042

66 HungrySpirit the Vexing (level 4, 0/33 HPs)
             Began as a Human Arcane Marksman on July 31, 2021.
             Slain by a goblin (10 damage)
             ... led by Robin
             ... on level 2 of the Dungeon.
             The game lasted 00:01:55 (2134 turns).

HungrySpirit the Vexing (Human Arcane Marksman)     Turns: 2134, Time: 00:01:55

Health: 0/33       AC:  4    Str: 11    XL:     4   Next: 37%
Magic:  5/5        EV: 12    Int: 13    God:
Gold:   59         SH:  0    Dex: 14    Spells: 4/5 levels left

rFire    + . .     SeeInvis .   e - +2 dagger (holy)
rCold    . . .     Faith    .   (no shield)
rNeg     . . .     Spirit   .   k - +2 robe {rF+}
rPois    .         Reflect  .   (no helmet)
rElec    .         Harm     .   (no cloak)
rCorr    .         Rampage  .   (no gloves)
Will     .....                  (no boots)
Stlth    +.........             (no amulet)
HPRegen  0.11/turn              (no ring)
MPRegen  0.09/turn              (no ring)

@: very slightly contaminated, invisible
A: no striking features
a: no special abilities


You were on level 2 of the Dungeon.
You visited 1 branch of the dungeon, and saw 2 of its levels.

You collected 59 gold pieces.

Inventory:

Hand Weapons
 a - a +0 hand crossbow
 e - a +2 dagger of holy wrath (weapon)
Missiles
 c - 17 bolts
Armour
 k - a +2 robe of fire resistance (worn)
Jewellery
 h - a ring of resist corrosion
 i - a ring of see invisible
Scrolls
 b - a scroll of teleportation {unknown}
 f - 2 scrolls of identify {unknown}
Potions
 d - a potion of berserk rage {unknown}


   Skills:
 + Level 2.1 Fighting
 * Level 2.3 Short Blades
 - Level 2.0 Crossbows
 + Level 2.7 Dodging
 - Level 1.0 Spellcasting
 - Level 3.0 Hexes


You had 4 spell levels left.
You knew the following spells:

 Your Spells              Type           Power      Damage    Failure   Level
a - Corona                Hex            8%         N/A       9%          1

Your spell library contained the following spells:

 Spells                   Type           Power      Damage    Failure   Level
 Slow                     Hex            8%         N/A       12%         2
 Ensorcelled Hibernation  Hex/Ice        8%         N/A       22%         2
 Inner Flame              Hex/Fire       4%         N/A       41%         3
 Portal Projectile        Hex/Tloc       8%         N/A       41%         3
 Spider Form              Tmut/Pois      0%         N/A       63%         3
 Cause Fear               Hex            4%         N/A       63%         4
 Shadow Creatures         Summ           N/A        N/A       100%        6


Dungeon Overview and Level Annotations

Branches:
Dungeon (2/15)

Altars:


Message History

Robin is moderately wounded.
Robin hits you with a +0 whip!
You hit Robin.
Robin is moderately wounded.
Robin hits you with a +0 whip.
You closely miss Robin.
Robin is moderately wounded.
You hit Robin but do no damage.
Robin is moderately wounded.
The goblin hits you from afar with a +0 trident!
Robin hits you with a +0 whip.
Robin zaps a wand.
The puff of flame misses you.
Robin zaps a wand.
The puff of flame hits you. You resist.
* * * LOW HITPOINT WARNING * * *
It was a potion of curing.
You feel better.
It was a potion of invisibility.
You fade into invisibility!
The goblin misses you.
You are very lightly contaminated with residual magic.
You catch the helpless Robin completely off-guard!
You puncture Robin!
Robin is severely wounded.
The goblin misses you.
You hit Robin.
Robin is almost dead.
Robin hits you with a +0 whip. The goblin closely misses you.
You hit Robin but do no damage.
Robin is almost dead.
The goblin barely misses you.
Robin zaps a wand.
The puff of flame hits you. You resist.
* * * LOW HITPOINT WARNING * * *
You completely miss Robin.
Robin is almost dead.
The goblin no longer looks unusually strong.
The goblin closely misses you. The goblin barely misses you.
Unknown command.
You hit Robin.
You kill Robin!
The goblin misses you. The goblin hits you with a +0 trident!
You die...

.# #########.# ........#.#
#######.#.# ....# #.#.# ###
....# #.#.# #..
....###.#.#####.#####.#..
................@).!.....
#######.#.#####g#g#.#...
#######.#.# #.#g#.#.#
......(.#.#####.#.#.#.#..#
...................g.g..>#
..####.....####.#.#.#.#....
..####.....####.#.#.#.# .
.....+.....#.##.....#.#
..####.....#.######.#.# .


You could see 3 goblins.

Vanquished Creatures
  Jessica (D:2)
  Robin (D:2)
  2 adders (D:2)
  A bat (D:1)
  An endoplasm (D:1)
  A giant cockroach (D:2)
  8 goblins (D:1)
  2 hobgoblins (D:1)
  A frilled lizard (D:1)
  2 kobolds
  2 rats (D:1)
22 creatures vanquished.

Notes
Turn   | Place    | Note
-------+----------+-------------------------------------------
     0 | D:1      | HungrySpirit the Human Arcane Marksman began the quest for
                  | the Orb.
     0 | D:1      | Reached XP level 1. HP: 15/15 MP: 2/2
   281 | D:1      | Reached XP level 2. HP: 20/21 MP: 3/3
   756 | D:1      | Found a faded altar of an unknown god.
   929 | D:2      | Noticed Robin
   939 | D:1      | Reached skill level 1 in Short Blades
  1406 | D:2      | Reached XP level 3. HP: 23/26 MP: 4/4
  1801 | D:2      | Noticed Jessica
  1817 | D:2      | Killed Jessica
  1818 | D:2      | Reached XP level 4. HP: 8/33 MP: 5/5
  2134 | D:2      | Killed Robin
  2134 | D:2      | Slain by a goblin

Illustrated notes

Levels and vault maps discovered:
D:1:      enne_arrival_octagon_isle, layout_basic,
          chequers_ecumenical_altar_twisty,
          wander_ebering_terrifying_dragon_lair
D:2:      layout_basic, uniq_robin, uniq_jessica

Skill      XL: |  1  2  3 |
---------------+----------+-----
Short Blades   | 1 2 |  2.3
Fighting       | 2 |  2.1
Crossbows      | |  2.0
Dodging        | |  2.7
Spellcasting   | |  1.0
Hexes          | |  3.0

Action                   |  1- 3 |  4- 6 || total
-------------------------+-------+-------++-------
Melee: Dagger            |    61 |    12 ||    73
 Fire: Hand crossbow     |    21 |       ||    21
  Use: Potion            |     1 |     2 ||     3
 Stab: Invisible         |       |     1 ||     1
Armor: Robe              |     7 |       ||     7
Dodge: Dodged            |    56 |     9 ||    65
